 Dungeon Crawl Stone Soup version 0.31.0-11-ge490571c62 (webtiles) character file.

Game seed: 16954906652771767033

252 Ashen the Sneak (level 6, -3/44 HPs)
             Began as a Gnoll Enchanter on Feb 5, 2024.
             Splashed by a jelly's acid (10 damage)
             ... in a sewer.
             The game lasted 00:07:23 (3183 turns).

Ashen the Sneak (Gnoll Enchanter)                   Turns: 3183, Time: 00:07:24

Health: -3/44      AC: -8    Str:  7    XL:     6   Next: 13%
Magic:  3/14       EV: 14    Int: 15    God:
Gold:   87         SH:  0    Dex: 14    Spells: 2/15 levels left

rFire   . . .        a - +1 dagger
rCold   . . .        (no shield)
rNeg    . . .        b - +0 robe
rPois   .            (no helmet)
rElec   .            g - scarf {+Inv}
rCorr   .            j - +0 pair of gloves
SInv    .            (no boots)
Will    .....        (no amulet)
Stlth   +++          (no ring)
HPRegen 0.27/turn    (no ring)
MPRegen 0.14/turn

%: no passive effects
@: corroded
A: fangs 1, strong nose, distributed training
a: Evoke Invisibility


You were in a sewer.
You visited 1 branch of the dungeon, and saw 4 of its levels.
You also visited: Sewer.

You collected 210 gold pieces.
You spent 123 gold pieces at shops.

Inventory:

Hand Weapons
 a - a +1 dagger (weapon)
Armour
 b - a +0 robe (worn)
 g - a scarf of invisibility (worn)
 j - a +0 pair of gloves (worn)
Scrolls
 d - 4 scrolls of identify {unknown}
 e - a scroll of enchant armour {unknown}
 f - a scroll of poison {unknown}
 k - 2 scrolls of blinking {unknown}
 n - 2 scrolls of teleportation {unknown}
 o - a scroll of fog {unknown}
 p - a scroll of brand weapon
Potions
 c - 2 potions of invisibility
 h - a potion of attraction {unknown}
 i - a potion of brilliance {unknown}
 l - a potion of mutation {unknown}
 m - 2 potions of curing {unknown}


   Skills:
 + Level 1.9 Fighting
 + Level 3.2 Short Blades
 + Level 1.9 Long Blades
 + Level 1.9 Axes
 + Level 1.9 Maces & Flails
 + Level 1.9 Polearms
 + Level 1.9 Staves
 + Level 1.9 Ranged Weapons
 + Level 1.9 Throwing
 + Level 1.9 Armour
 + Level 4.9 Dodging
 + Level 6.2 Stealth
 + Level 1.9 Shields
 + Level 1.9 Unarmed Combat
 + Level 5.3 Spellcasting
 + Level 1.5 Conjurations
 + Level 5.6 Hexes
 + Level 1.5 Summonings
 + Level 1.5 Necromancy
 + Level 1.5 Translocations
 + Level 1.5 Fire Magic
 + Level 1.5 Ice Magic
 + Level 1.5 Air Magic
 + Level 1.5 Earth Magic
 + Level 1.5 Alchemy
 + Level 2.1 Invocations
 + Level 1.9 Evocations
 + Level 1.7 Shapeshifting


You had 2 spell levels left.
You knew the following spells:

 Your Spells              Type           Power      Damage    Failure   Level
a - Ensorcelled Hibernat  Hex/Ice        28%        N/A       5%          2
b - Confusing Touch       Hex            21%        N/A       4%          3
c - Tukima's Dance        Hex            21%        N/A       4%          3
d - Dazzling Flash        Conj/Hex       28%        N/A       11%         3
e - Blink                 Tloc           16%        N/A       13%         2

Your spell library contained the following spells:

 Spells                   Type           Power      Damage    Failure   Level
 Foxfire                  Conj/Fire      32%        2x1d5     9%          1
 Magic Dart               Conj           32%        1d4       9%          1
 Call Imp                 Summ           16%        N/A       13%         2
 Plasma Beam              Fire/Air       4%         2x1d14    100%        6
 Starburst                Conj/Fire      4%         6d3       100%        6


Dungeon Overview and Level Annotations

Branches:
Dungeon (4/15)              Sewer (1/1)
 Temple: D:4-7

Altars:
Xom

Shops:
D:4 **


Innate Abilities, Weirdness & Mutations

You have very sharp teeth.
Your uncanny sense of smell can sniff out nearby items.
Your experience applies equally to all skills.


Message History

The kobold is heavily wounded.
You hit the kobold.
You kill the kobold!
Found a scroll labelled PUCVIY DUGAD.
The jelly closely misses you.
You hit the jelly.
Your hands burn!
You bite the jelly.
The jelly is lightly wounded.
The jelly hits you but does no damage.
You hit the jelly. The acid corrodes you!
Your hands burn!
The jelly is lightly wounded.
The jelly hits you. The acid corrodes you!
You are splashed with acid!
You hit the jelly but do no damage.
Your hands burn!
The jelly is lightly wounded.
You hit the jelly but do no damage.
Your hands burn!
You bite the jelly, but do no damage.
The jelly is lightly wounded.
The jelly closely misses you.
You hit the jelly.
Your hands burn!
The jelly is moderately wounded.
The jelly barely misses you.
You hit the jelly but do no damage.
Your hands burn!
The jelly is moderately wounded.
The jelly barely misses you.
Casting: Ensorcelled Hibernation (safe; 5% risk of failure)
Confirm with . or Enter, or press ? or * to list all spells.
Aiming: Ensorcelled Hibernation (safe; 5% risk of failure)
Press: ? - help, Shift-Dir - straight line, f - jelly
Aim: a jelly (moderately wounded, chance to affect: 56%)
The jelly resists with significant effort.
The jelly hits you.
You are splashed with acid!
* * * LOW HITPOINT WARNING * * *
Casting: Ensorcelled Hibernation (safe; 5% risk of failure)
Confirm with . or Enter, or press ? or * to list all spells.
Aiming: Ensorcelled Hibernation (safe; 5% risk of failure)
Press: ? - help, Shift-Dir - straight line, f/p - jelly
Aim: a jelly (moderately wounded, chance to affect: 56%)
The jelly resists with significant effort.
The jelly hits you.
* * * LOW HITPOINT WARNING * * *
The acid corrodes you!
You are splashed with acid!
You die...

∆ ∆ ?# ∆ .#
##+##+##+##'##+#
................
~~~~~~~~.~~~~~~~
≈≈≈≈≈≈≈≈∩≈≈≈≈≈≈≈
~~~~~~~~.~~~~~~~
......).@J......
##+##+##.##'##+#
#.# .# #∩# ∆# ∆
###


You could see a jelly.

Vanquished Creatures
  A jelly (D:4)
  An iguana (D:4)
  2 adders
  A river rat (D:4)
  4 dart slugs
  4 ribbon worms
  6 orcs
  5 bats
  4 endoplasms
  3 giant cockroaches
  5 goblins
  4 hobgoblins
  6 jackals
  8 kobolds
  5 ball pythons
  3 frilled lizards
  4 rats
66 creatures vanquished.

Vanquished Creatures (collateral kills)
  An ogre (D:4)
1 creature vanquished.

Grand Total: 67 creatures vanquished

Notes
Turn   | Place    | Note
-------+----------+-------------------------------------------
     0 | D:1      | Ashen the Gnoll Enchanter began the quest for the Orb.
     0 | D:1      | Reached XP level 1. HP: 13/13 MP: 6/6
   127 | D:1      | Reached XP level 2. HP: 13/19 MP: 7/7
   130 | D:1      | Learned a level 2 spell: Ensorcelled Hibernation
   678 | D:1      | Reached skill level 5 in Spellcasting
   678 | D:1      | Reached XP level 3. HP: 24/25 MP: 7/9
   682 | D:1      | Learned a level 3 spell: Confusing Touch
   686 | D:1      | Learned a level 3 spell: Tukima's Dance
   690 | D:1      | Learned a level 3 spell: Dazzling Flash
  1183 | D:2      | Reached skill level 6 in Stealth
  1229 | D:2      | Reached skill level 1 in Invocations
  1294 | D:2      | Reached skill level 1 in Fighting
  1294 | D:2      | Reached skill level 1 in Long Blades
  1294 | D:2      | Reached skill level 1 in Axes
  1294 | D:2      | Reached skill level 1 in Maces & Flails
  1294 | D:2      | Reached skill level 1 in Polearms
  1294 | D:2      | Reached skill level 1 in Staves
  1294 | D:2      | Reached skill level 1 in Ranged Weapons
  1294 | D:2      | Reached skill level 1 in Throwing
  1294 | D:2      | Reached skill level 1 in Armour
  1294 | D:2      | Reached skill level 1 in Shields
  1294 | D:2      | Reached skill level 1 in Unarmed Combat
  1294 | D:2      | Reached skill level 1 in Evocations
  1358 | D:2      | Found a faded altar of an unknown god.
  1627 | D:2      | Reached skill level 1 in Shapeshifting
  1627 | D:2      | Reached XP level 4. HP: 32/32 MP: 6/11
  2030 | D:3      | Reached skill level 1 in Conjurations
  2030 | D:3      | Reached skill level 1 in Summonings
  2030 | D:3      | Reached skill level 1 in Necromancy
  2030 | D:3      | Reached skill level 1 in Translocations
  2030 | D:3      | Reached skill level 1 in Fire Magic
  2030 | D:3      | Reached skill level 1 in Ice Magic
  2030 | D:3      | Reached skill level 1 in Air Magic
  2030 | D:3      | Reached skill level 1 in Earth Magic
  2030 | D:3      | Reached skill level 1 in Alchemy
  2069 | D:3      | Learned a level 2 spell: Blink
  2576 | D:3      | Found a shimmering altar of Xom.
  2843 | D:4      | Found Zaugasyss's General Store.
  2850 | D:4      | Found Naesiduess's Specific Store.
  2870 | D:4      | Bought a scroll of brand weapon for 123 gold pieces
  2918 | D:4      | Reached XP level 5. HP: 37/37 MP: 12/12
  3106 | D:4      | Noticed an ogre
  3111 | D:4      | Noticed a phantom
  3112 | D:4      | Killed an ogre
  3113 | D:4      | Reached XP level 6. HP: 34/44 MP: 5/14
  3149 | D:4      | Found a glowing drain.
  3171 | Sewer    | Entered a sewer
  3183 | Sewer    | Splashed by a jelly's acid

Illustrated notes

Levels and vault maps discovered:
D:1:      wheals_arrival_linesprint, layout_basic
D:2:      layout_rooms, shapermc_ecumenical_altar_gd, minmay_circle_x
D:3:      layout_basic, lemuel_doored_altar, grunt_decor_junction
D:4:      layout_loops_corners, lemuel_coloured_pillars_altar,
          portal_sewer_entry_a, nicolae_specific_store
Sewer:    kennysheep_door_sewer

Skill      XL: |  1  2  3  4  5 |
---------------+----------------+-----
Spellcasting   | 5 |  5.3
Stealth        | 6 |  6.2
Invocations    | 1 2 |  2.1
Fighting       | 1 |  1.9
Long Blades    | 1 |  1.9
Axes           | 1 |  1.9
Maces & Flails | 1 |  1.9
Polearms       | 1 |  1.9
Staves         | 1 |  1.9
Ranged Weapons | 1 |  1.9
Throwing       | 1 |  1.9
Armour         | 1 |  1.9
Shields        | 1 |  1.9
Unarmed Combat | 1 |  1.9
Evocations     | 1 |  1.9
Shapeshifting  | 1 |  1.7
Conjurations   | 1 |  1.5
Summonings     | 1 |  1.5
Necromancy     | 1 |  1.5
Translocations | 1 |  1.5
Fire Magic     | 1 |  1.5
Ice Magic      | 1 |  1.5
Air Magic      | 1 |  1.5
Earth Magic    | 1 |  1.5
Alchemy        | 1 |  1.5
Short Blades   | 3 |  3.2
Dodging        | |  4.9
Hexes          | |  5.6

Action                     |  1- 3 |  4- 6 || total
---------------------------+-------+-------++-------
  Melee: Dagger            |   120 |    63 ||   183
         Bite              |    13 |     4 ||    17
         Punch             |     4 |       ||     4
         Unarmed           |     6 |       ||     6
   Cast: Ensorcelled Hiber |     5 |    32 ||    37
         Tukima's Dance    |       |     1 ||     1
Ability: Begin Untransform |     1 |       ||     1
   Stab: Sleeping          |    12 |    22 ||    34
         Distracted        |       |     1 ||     1
 Armour: Robe              |    44 |    28 ||    72
  Dodge: Dodged            |    73 |    46 ||   119
   Form: Storm             |     1 |       ||     1
